 Dungeon Crawl Stone Soup version 0.18-a0-753-gf0f1e14 (webtiles) character file.

2517 Gelly3 the Basher (level 9, -3/55 HPs)
             Began as a Lacertilian Fighter on Dec 15, 2015.
             Was a Believer of Okawaru.
             Slain by puppykicker's ghost (6 damage)
             ... on level 7 of the Dungeon.
             The game lasted 00:23:48 (7509 turns).

Gelly3 the Basher (Lacertilian Fighter)             Turns: 7509, Time: 00:23:49

Health: -3/55      AC: 19    Str: 15    XL:     9   Next: 29%
Magic:  0/22       EV:  7    Int:  8    God:    Okawaru [**....]
Gold:   282        SH: 11    Dex: 18    Spells: 0 memorised, 8 levels left

rFire  . . .     SeeInvis .     d - +2 flail (protect)
rCold  . . .     Clarity  .     t - +2 ring mail {rPois}
rNeg   . . .     SustAt   .     c - +0 shield
rPois  +         Gourm    .     (no helmet)
rElec  .         Spirit   .     g - +0 cloak
rCorr  .         Dismiss  .     i - +0 pair of gloves
rMut   .         Stasis   .     (no boots)
MR     .....                    (no amulet)
Stlth  ++++......               B - ring of invisibility
                                p - ring of magical power

@: heroism, very slightly contaminated, drained, not resistant to hostile
enchantments, stealthy
A: faith, no wrath for changing religions, slimy green scales 2, camouflage 2,
cold-blooded
a: Heroism, Renounce Religion, Evoke Invisibility


You were on level 7 of the Dungeon.
You worshipped Okawaru.
Okawaru was pleased with you.
You were hungry.

You visited 2 branches of the dungeon, and saw 8 of its levels.

You collected 282 gold pieces.

Inventory:

Hand Weapons
 d - a +2 flail of protection (weapon)
Missiles
 j - 241 stones (quivered)
Armour
 c - a +0 shield (worn)
 g - a +0 cloak (worn)
 i - a +0 pair of gloves (worn)
 t - a +2 ring mail of poison resistance (worn)
Jewellery
 p - a ring of magical power (left hand)
 B - a ring of invisibility (right hand)
Wands
 C - a wand of invisibility (2)
Scrolls
 f - 2 scrolls of fear
 h - 3 scrolls of recharging
 k - a scroll of magic mapping {unknown}
 l - a scroll of identify
 m - a scroll of noise {unknown}
 o - 5 scrolls of blinking
 q - a scroll of immolation {unknown}
 w - 2 scrolls of remove curse
 x - a scroll of amnesia {unknown}
 y - a scroll of enchant armour {unknown}
 D - 3 scrolls of random uselessness {unknown}
Potions
 a - 3 potions of curing
 s - a potion of resistance
 u - a potion of magic
 z - a potion of brilliance
Comestibles
 e - 5 bread rations
 n - a beef jerky
 r - a royal jelly
 A - a meat ration


   Skills:
 - Level 2.4(7.1) Fighting
 - Level 10.0(14.7) Maces & Flails
 - Level 3.0(7.7) Armour
 - Level 3.0(7.7) Shields
 + Level 7.1(6.9) Evocations


You had 8 spell levels left.
You didn't know any spells.

Dungeon Overview and Level Annotations

Branches:
Dungeon (7/15)             Temple (1/1) D:4

Altars:
Ashenzari
Cheibriados
Dithmenos
Elyvilon
Fedhas
Gozag
Kikubaaqudgha
Makhleb
Nemelex Xobeh
Okawaru
Pakellas
Qazlal
Ru
Sif Muna
Trog
Vehumet
Xom
Yredelemnul
Zin
The Shining One

Shops:
D:4 [

Annotations:
D:7 puppykicker's ghost, novice LaBe


Innate Abilities, Weirdness & Mutations

You have a strong connection with the divine.
You may change religions without incurring divine wrath.
You are mostly covered in slimy green scales (AC +3).
Your skin blends seamlessly with your surroundings (Stealth).
You are cold-blooded and may be slowed by cold attacks.


Message History

Puppykicker's ghost barely misses you.
You hit puppykicker's ghost but do no damage.
Puppykicker's ghost is severely damaged.
You miss puppykicker's ghost.
Puppykicker's ghost is severely damaged.
Puppykicker's ghost whispers, "Trust me.
Just give in."
You block puppykicker's ghost's attack.
You hit puppykicker's ghost.
Puppykicker's ghost is severely damaged.
Puppykicker's ghost hits you.
* * * LOW HITPOINT WARNING * * *
You feel your power leaking away.
You closely miss puppykicker's ghost.
Puppykicker's ghost is severely damaged.
Puppykicker's ghost hits you!
* * * LOW HITPOINT WARNING * * *
You feel your power leaking away. Puppykicker's ghost hits you.
You die...
Xom giggles madly!

# #.# .# #.#
. .# #.# .##
.# #.# ..# .#
#.# #.# .#
#.# #.#
.###.#####
#.#
.........#
#W#
.#######.#
#@# .# #.#
#.# .# #.#
#.# W#
#.#######.#
.#
#.##.W....#
.#
#.##.######
.#######.##.#
........>##.#
#######W..W.#


You could see puppykicker's ghost.

Vanquished Creatures
  Joseph (D:7)
  Sigmund (D:5)
  Eustachio (D:4)
  A phantom (D:3)
  An eye of draining (D:6)
  An ogre (D:7)
  Blork the orc (D:5)
  2 centaurs
  2 giant frogs
  A water moccasin skeleton (D:7)
  7 wights (D:7)
  2 giant frog zombies
  A centaur zombie (D:7)
  A jelly (D:5)
  4 orc priests
  A quasit (D:7)
  3 orc wizards
  4 hounds
  An iguana (D:4)
  A giant frog skeleton (D:7)
  5 worker ants
  A hound zombie (D:6)
  A hound skeleton (D:6)
  5 adders
  10 gnolls
  A shadow imp (D:7)
  An adder skeleton (D:6)
  An adder zombie (D:6)
  8 giant geckos
  26 orcs
  5 giant cockroaches (D:1)
  9 hobgoblins
  12 jackals
  8 kobolds
  2 quokkas
  A ball python (D:6)
  7 bats
  A giant cockroach zombie (D:6)
  5 giant newts
  6 goblins
  A quokka zombie (D:6)
  11 rats
164 creatures vanquished.

Notes
Turn   | Place    | Note
--------------------------------------------------------------
     0 | D:1      | Gelly3 the Lacertilian Fighter began the quest for the Orb.
     0 | D:1      | Reached XP level 1. HP: 15/15 MP: 0/0
   216 | D:1      | Reached XP level 2. HP: 20/20 MP: 1/1
  1353 | D:2      | Reached XP level 3. HP: 25/25 MP: 2/2
  1623 | D:2      | Reached skill level 4 in Maces & Flails
  1623 | D:2      | Reached XP level 4. HP: 12/30 MP: 3/3
  2362 | D:3      | Reached XP level 5. HP: 35/35 MP: 4/4
  2370 | D:3      | Reached skill level 5 in Maces & Flails
  2632 | D:3      | Reached XP level 6. HP: 37/41 MP: 5/5
  2677 | D:3      | Reached skill level 6 in Maces & Flails
  3436 | D:4      | Reached skill level 7 in Maces & Flails
  3444 | D:4      | Gained mutation: Your skin blends seamlessly with your surroundings (Stealth). [Lacertilian growth]
  3444 | D:4      | Reached XP level 7. HP: 40/45 MP: 6/6
  3642 | D:4      | Found a staircase to the Ecumenical Temple.
  3658 | Temple   | Entered the Ecumenical Temple
  3720 | Temple   | Became a worshipper of Xom of Chaos
  3749 | Temple   | Fell from the grace of Xom
  3749 | Temple   | Became a worshipper of Qazlal Stormbringer
  3813 | D:4      | Noticed Eustachio
  3871 | D:4      | Killed Eustachio
  3871 | D:4      | Reached skill level 8 in Maces & Flails
  4190 | D:4      | Found Vouv's Antique Armour Emporium.
  4476 | D:5      | Entered Level 5 of the Dungeon
  4476 | D:5      | Found a bloodstained altar of Trog.
  4619 | D:5      | Found an oddly glowing altar of Pakellas.
  4619 | D:5      | Found a glowing golden altar of the Shining One.
  4619 | D:5      | Found a sparkling altar of Nemelex Xobeh.
  4622 | D:5      | Found a deep blue altar of Sif Muna.
  4622 | D:5      | Found a radiant altar of Vehumet.
  4622 | D:5      | Noticed Sigmund
  4623 | D:5      | Found a sacrificial altar of Ru.
  4660 | D:5      | Killed Sigmund
  4660 | D:5      | Reached XP level 8. HP: 41/51 MP: 7/7
  4701 | D:5      | Noticed Blork the orc
  4722 | D:5      | Killed Blork the orc
  4915 | D:5      | Reached skill level 9 in Maces & Flails
  4939 | D:5      | Found an iron altar of Okawaru.
  4955 | D:5      | Fell from the grace of Qazlal
  4955 | D:5      | Became a worshipper of Warmaster Okawaru
  6264 | D:6      | Reached skill level 10 in Maces & Flails
  6502 | D:5      | Found an opulent altar of Gozag.
  6893 | D:7      | Reached * piety under Okawaru
  6951 | D:7      | Reached skill level 5 in Evocations
  6951 | D:7      | Reached XP level 9. HP: 44/55 MP: 11/11
  6986 | D:7      | Noticed Joseph
  7028 | D:7      | HP: 1/55 [Joseph/uncursed quarterstaff (12)]
  7033 | D:7      | Killed Joseph
  7033 | D:7      | Reached ** piety under Okawaru
  7227 | D:7      | Noticed puppykicker's ghost (novice LaBe)
  7509 | D:7      | Slain by puppykicker's ghost

Vault maps used:
D:1:      erik_arrival_cave_to_civilisation, minmay_cupped
D:3:      first_bread
D:4:      minmay_temple_entry_purple_smoke, serial_shops,
          nicolae_shop_overgrown_old_shop, uniq_eustachio
D:5:      lemuel_upstairs_altar, okawaru_gym_becter, grunt_temple_overflow_open,
          uniq_sigmund, uniq_blork_the_orc
D:6:      serial_undead, serial_undead_c, serial_undead_a, serial_undead_a,
          serial_undead_e
D:7:      hangedman_abyss_or_decor_passed, uniq_duvessa, uniq_joseph
Temple:   triangle_lava_temple_12

Action                   |  1- 3 |  4- 6 |  7- 9 || total
-------------------------+-------+-------+-------++-------
Melee: Flail             |   131 |   220 |   404 ||   755
Throw: Stone             |       |     4 |     2 ||     6
Invok: Heroism           |       |       |     3 ||     3
 Abil: Evoke Invisibilit |       |       |     1 ||     1
  Use: Potion            |     3 |     1 |     2 ||     6
       Scroll            |     3 |     1 |     8 ||    12
 Stab: Sleeping          |       |       |     4 ||     4
  Eat: Chunk             |     2 |     7 |    12 ||    21
       Beef jerky        |       |       |     1 ||     1
